 Dungeon Crawl Stone Soup version 0.22-a0-63-geddfa9b (webtiles) character file.

494 Atlas the Digger (level 7, 0/41 HPs)
             Began as an Octopode Earth Elementalist on Jan 11, 2018.
             Slain by an ice beast (5 damage)
             ... on level 5 of the Dungeon.
             The game lasted 00:08:16 (4384 turns).

Atlas the Digger (Octopode Earth Elementalist)      Turns: 4384, Time: 00:08:17

Health: 0/41       AC:  1    Str:  7    XL:     7   Next: 15%
Magic:  1/12       EV: 14    Int: 20    God:
Gold:   178        SH:  5    Dex: 12    Spells: 3/13 levels left

rFire    . . .     SeeInvis .     - Unarmed
rCold    . . .     Gourm    .   l - +0 buckler
rNeg     . . .     Faith    .   (helmet restricted)
rPois    .         Spirit   .   (no amulet)
rElec    .         Reflect  .   (no ring)
rCorr    .         Harm     .   (no ring)
MR       .....                  (no ring)
Stlth    +++.......             (no ring)
HPRegen  0.13/turn              (no ring)
MPRegen  0.13/turn              (no ring)
                                (no ring)
                                (no ring)

@: no status effects
A: almost no armour, stealthy swim, amphibious, 8 rings, constrict 8, camouflage
1, gelatinous body 1
a: no special abilities


You were on level 5 of the Dungeon.
You were not hungry.

You visited 1 branch of the dungeon, and saw 5 of its levels.

You collected 178 gold pieces.

Inventory:

Missiles
 b - 94 stones (quivered)
Armour
 l - a +0 buckler (worn)
Wands
 q - a wand of flame (33)
Scrolls
 f - 8 scrolls of identify {unknown}
 i - 2 scrolls of fear {unknown}
 j - 4 scrolls of remove curse {unknown}
 k - a scroll of amnesia {unknown}
 o - a scroll of teleportation {unknown}
Potions
 a - a potion of lignification {unknown}
 e - a potion of curing {unknown}
 g - 2 potions of might {unknown}
 h - a potion of flight {unknown}
 m - a potion of heal wounds {unknown}
 n - a potion of mutation {unknown}
Books
 d - a book of Geomancy

   Spells                             Type                      Level
   a - Sandblast                      Earth                        1
   b - Passwall                       Transmutation/Earth          2
   c - Stone Arrow                    Conjuration/Earth            3
   d - Petrify                        Transmutation/Earth          4
   e - Lee's Rapid Deconstruction     Earth                        5
 p - a book of Callings

   Spells                             Type                      Level
   a - Summon Small Mammal            Summoning                    1
   b - Call Imp                       Summoning                    2
   c - Call Canine Familiar           Summoning                    3
   d - Summon Guardian Golem          Hexes/Summoning              3
   e - Summon Lightning Spire         Summoning/Air                4
   f - Summon Ice Beast               Ice/Summoning                4
Comestibles
 c - 3 rations
 r - 2 chunks of flesh


   Skills:
 + Level 0.3 Fighting
 + Level 2.7 Dodging
 + Level 3.5 Stealth
 - Level 4.0 Shields
 + Level 1.4 Unarmed Combat
 + Level 3.5 Spellcasting
 + Level 1.0 Transmutations
 + Level 4.7 Earth Magic


You had 3 spell levels left.
You knew the following spells:

 Your Spells              Type           Power        Failure   Level  Hunger
a - Sandblast             Erth           ###...       1%          1    None
b - Passwall              Tmut/Erth      ###.......   6%          2    ##.....
c - Stone Arrow           Conj/Erth      ##....       16%         3    ###....
d - Petrify               Tmut/Erth      ###.....     38%         4    ####...


Dungeon Overview and Level Annotations

Branches:
Dungeon (5/15)
 Temple: D:4-7

Altars:
Ashenzari
Cheibriados
Gozag
Wu Jian
Xom


Innate Abilities, Weirdness & Mutations

You cannot wear most types of armour.
You are very stealthy in the water. (Stealth+)
You are amphibious.
You can wear up to eight rings at the same time.
You can use your tentacles to constrict eight enemies at once.
Your skin changes colour to match your surroundings (Stealth+).
Your rubbery body absorbs attacks. (AC +1, EV +1)


Message History

Confirm with . or Enter, or press ? or * to list all spells.
Aiming: Sandblast
Press: ? - help, Shift-Dir - straight line, f/p - ice beast
Aim: an ice beast (moderately wounded)
The blast of sand hits the ice beast.
The ice beast is almost dead.
b - 95 stones The ice beast hits you.
The ice beast freezes you.
* * * LOW HITPOINT WARNING * * *
Casting: Sandblast
Confirm with . or Enter, or press ? or * to list all spells.
Aiming: Sandblast
Press: ? - help, Shift-Dir - straight line, f/p - ice beast
Aim: an ice beast (almost dead)
The blast of sand misses the ice beast.
b - 94 stones The ice beast hits you.
* * * LOW HITPOINT WARNING * * *
The ice beast freezes you.
You die...

.......... #..........#+##
.......... #.....#...#....
....... #.....#...#....
...... #.....#...+....
#...####.....###.##..#
###...#.....######.##..#
#....รท#.....#...........
+.....Y.....#...........
#.....#@....'...........
##....#.....#...........
#######.....#....#.....#
#........####'##########
#........#......#
#........#......#
+........#......#
##########........########
.....................


You could see an ice beast.

Vanquished Creatures
  A sky beast (D:5)
  A scorpion (D:4)
  A howler monkey (D:4)
  2 hounds (D:4)
  A bullfrog skeleton (D:5)
  A centaur skeleton (D:3)
  2 iguanas (D:4)
  A worker ant (D:4)
  A hound skeleton (D:4)
  2 adders
  An ooze (D:5)
  An adder skeleton (D:4)
  A dart slug (D:2)
  4 leopard geckos
  6 orcs
  A ball python (D:3)
  A giant cockroach (D:4)
  8 hobgoblins
  8 jackals
  5 kobolds
  2 quokkas
  8 bats
  4 frilled lizards
  8 goblins
  A jackal skeleton (D:4)
  2 leopard gecko skeletons (D:4)
  11 rats
85 creatures vanquished.

Notes
Turn   | Place    | Note
-------+----------+-------------------------------------------
     0 | D:1      | Atlas the Octopode Earth Elementalist began the quest for the Orb.
     0 | D:1      | Reached XP level 1. HP: 11/11 MP: 3/3
    99 | D:1      | Reached XP level 2. HP: 17/17 MP: 1/5
   516 | D:1      | Reached XP level 3. HP: 21/21 MP: 3/6
  1630 | D:2      | Reached XP level 4. HP: 14/27 MP: 3/7
  1877 | D:2      | Found a shattered altar of Ashenzari.
  2185 | D:2      | Found an opulent altar of Gozag.
  2438 | D:3      | Found a faded altar of an unknown god.
  2497 | D:3      | Found an ornate altar of the Wu Jian Council.
  3025 | D:3      | Learned a level 2 spell: Passwall
  3029 | D:3      | Learned a level 3 spell: Stone Arrow
  3044 | D:4      | Reached XP level 5. HP: 31/31 MP: 5/9
  3186 | D:4      | Reached skill level 1 in Shields
  3341 | D:4      | Reached XP level 6. HP: 36/36 MP: 8/10
  3983 | D:5      | Entered Level 5 of the Dungeon
  4135 | D:5      | Learned a level 4 spell: Petrify
  4157 | D:5      | Noticed a sky beast
  4168 | D:5      | Killed a sky beast
  4168 | D:5      | Reached skill level 1 in Unarmed Combat
  4168 | D:5      | Reached XP level 7. HP: 22/41 MP: 4/12
  4258 | D:5      | Found a snail-covered altar of Cheibriados.
  4260 | D:5      | Found a shimmering altar of Xom.
  4384 | D:5      | Slain by an ice beast

Vault maps used:
D:1:      zelgadis_glass_arrival_small
D:2:      lemuel_coloured_pillars_altar, nicolae_overflow_hidden_temple
D:3:      lemuel_crystal_altar, chequers_ecumenical_altar_simple
D:5:      overflow_temple_1_default, chequers_temple_overflow_statue_of_worship,
          first_ration

Skill      XL: |  1  2  3  4  5  6 |
---------------+-------------------+-----
Earth Magic    | 4 |  4.7
Stealth        | 3 |  3.5
Spellcasting   | 3 |  3.5
Shields        | 2 4 |  4.0
Unarmed Combat | 1 |  1.4
Fighting       | |  0.3
Dodging        | |  2.7
Transmutations | |  1.0

Action                   |  1- 3 |  4- 6 |  7- 9 || total
-------------------------+-------+-------+-------++-------
Melee: Unarmed           |    49 |    47 |     2 ||    98
       Constrict         |    12 |    11 |     1 ||    24
       Tentacles         |     9 |     7 |       ||    16
 Cast: Sandblast         |    38 |    56 |    16 ||   110
       Stone Arrow       |       |       |     1 ||     1
 Stab: Sleeping          |     3 |     3 |       ||     6
  Eat: Chunk             |     3 |     6 |       ||     9
       Ration            |       |       |     1 ||     1
Armor: Skin              |    13 |     2 |     1 ||    16
Dodge: Dodged            |    57 |    39 |     5 ||   101
Block: Buckler           |       |    10 |     2 ||    12

Table legend:
 A = Spawn XP
 B = Non-spawn XP
 C = Spawn XP percentage of total XP
 D = Spawn monster count
 E = Non-spawn monster count
 F = Spawn count percentage of total count
 G = Total turns spent on level
                    A         B        C        D         E        F      G
               +---------+---------+-------+---------+---------+-------+---------
         Total |       0 |     707 |   0.0 |       0 |      85 |   0.0 |  4384
               +---------+---------+-------+---------+---------+-------+---------
           D:1 |       0 |      58 |   0.0 |       0 |      33 |   0.0 |  1190
           D:2 |       0 |      37 |   0.0 |       0 |      16 |   0.0 |  1189
           D:3 |       0 |      67 |   0.0 |       0 |      13 |   0.0 |   659
           D:4 |       0 |     355 |   0.0 |       0 |      15 |   0.0 |   945
           D:5 |       0 |     190 |   0.0 |       0 |       8 |   0.0 |   401
               +---------+---------+-------+---------+---------+-------+---------
